← All builds
Suicide front / Armada / Factory first / OBSERVED BUILD

Standard suicide front

Armada Suicide front build order · Supreme Isthmus

The role's baseline: Bot Lab at 0:21 then straight into reclaim-fed T1 bot production to contest the middle and hold until T2 arrives, with an Advanced Metal Extractor around 9:45.

#rush · 2013 distinct matches · 230 players · 72% of Armada Suicide front games · team won 59% of 2387 · Recently observed

HOW TO PLAY IT

Key timing: Bot Lab by 0:20

  1. Open with mex and lab-first to get Bot Lab up by 0:20.
  2. Expand mex and wind while lab pumps units toward middle.
  3. Push Sentry and early Rocketeer, Centurion to contest middle.
  4. Get T2 constructor out once Pond's boost lets you spare metal.
  5. Upgrade mex to Advanced Metal Extractor as you transition off T1 spam.

Phase by phase

TYPICAL OF ITS 2013 GAMES
  1. 1
  2. 2
  3. 3
PLAY THE OPENING

Follow the example game's first 6:00 step by step: what to build now, what comes next, and where it goes. At 1× it keeps pace with your own game.

  1. 1

    Bot Lab first

    Order
    1. Bot LabBot Lab done ~0:21, middle half 0:20–0:33

    Some games also: mex (44%)

  2. 2

    Bot Lab to 5:00

    Economy
    • Metal Extractor5Mex
    • Wind Turbine4Wind
    Builders
    • Construction Bot3 Con bot
    • Lazarus2 Lazarus
    Army
    • Sentry4 Sentry
    • Rocketeer16 Rocketeer
    • Tick2 Tick
    • Centurion1 Centurion
    Other
    • Radar Tower1 Radar Tower

    Some games also: pawn (38%) · con turret (34%)

    By 5:00 in all: 5 mex · 4 wind

    The example game in this phase · 31 steps
    1. TickTick ×2
    2. PawnPawn
    3. Construction BotCon bot
    4. SentrySentry
    5. LazarusLazarus
    6. CenturionCenturion
    7. Construction BotCon bot
    8. Mex
    9. SentrySentry
    10. LazarusLazarus
    11. RocketeerRocketeer ×2
    12. Mex
    13. RocketeerRocketeer ×3
    14. SentrySentry
    15. RocketeerRocketeer
    16. SentrySentry
    17. RocketeerRocketeer
    18. SentrySentry
    19. RocketeerRocketeer ×2
    20. SentrySentry
    21. RocketeerRocketeer
    22. Construction BotCon bot
    23. RocketeerRocketeer ×3
    24. SentrySentry
    25. RocketeerRocketeer
    26. Radar TowerRadar Tower
    27. RocketeerRocketeer
    28. Mex
    29. RocketeerRocketeer
    30. SentrySentry
    31. RocketeerRocketeer ×2
  3. 3

    5:00 to 10:00

    Economy
    • Metal Extractor1Mex
    • Wind Turbine15Wind
    Builders
    • Construction Turret2 Con turret
    • Lazarus2 Lazarus
    • Construction Bot1 Con bot
    Army
    • Sentry1 Sentry
    • Rocketeer8 Rocketeer

    Some games also: pawn (49%) · Radar Tower (46%) · tick (45%) · centurion (44%) · energy storage (43%) · eat Bot Lab (31%)

    By 10:00 in all: 6 mex · 21 wind · 1 energy storage · 2 con turret

    The example game in this phase · 72 steps
    1. Wind
    2. RocketeerRocketeer ×2
    3. Construction BotCon bot
    4. Wind
    5. RocketeerRocketeer
    6. Wind
    7. RocketeerRocketeer ×3
    8. Wind
    9. RocketeerRocketeer ×3
    10. Wind
    11. Con turret
    12. RocketeerRocketeer ×2
    13. Wind
    14. RocketeerRocketeer ×2
    15. BeamerBeamer
    16. RocketeerRocketeer
    17. Wind
    18. RocketeerRocketeer ×2
    19. Wind
    20. RocketeerRocketeer ×3
    21. Wind
    22. GauntletGauntletdone 12:24
    23. RocketeerRocketeer
    24. LazarusLazarusfor Front
    25. RocketeerRocketeer
    26. Wind
    27. RocketeerRocketeer ×2
    28. Wind ×2
    29. Con turret
    30. MaceMace ×2
    31. Radar TowerRadar Tower
    32. Wind
    33. MaceMace
    34. Advanced Metal ExtractorT2 mexdone 11:13 · typical 9:46
    35. Con turret
    36. Wind
    37. BeamerBeamer
    38. MaceMace
    39. Mex
    40. BeamerBeamer
    41. Wind
    42. MaceMace
    43. Radar TowerRadar Tower
    44. Wind
    45. MaceMace ×2
    46. Advanced Metal ExtractorT2 mex
    47. MaceMace
    48. Wind
    49. MaceMace
    50. Wind
    51. MaceMace ×2
    52. Mex
    53. MaceMace
    54. Wind
    55. MaceMace ×3
    56. Wind
    57. MaceMace ×5
    58. Wind
    59. Advanced Metal ExtractorT2 mex
    60. MaceMace ×2
    61. Wind
    62. MaceMace ×3
    63. Wind
    64. LazarusLazarus ×3
    65. Wind
    66. MaceMace ×4
    67. Wind
    68. Vehicle PlantVehicle Plantdone 14:40
    69. Bot LabEat Bot Labreclaimed for its metal
    70. Wind
    71. Advanced Construction VehicleT2 con vehicle
    72. Wind

Counts are medians over the build's games: half of them build more, half fewer. The example game is Stefan1156's (33 OS, 03/10/2026); pick another.

Team trades

IN AT LEAST 30% OF ITS GAMES

You hand over

Nothing regular.

You get

  • Tidal Generator4 Tidal from Pondfirst at 0:10 · in 68% of games
  • Advanced Construction Bot1 T2 con bot from Geo or Techfirst at 7:41 · in 57% of games

How it plays out

Typical game of this build, running totals by minute

Metal produced

010k20k
0:005:0010:0015:00

metal

Enemy metal destroyed

05k10k
0:005:0010:0015:00

metal

Own metal lost

05k10k
0:005:0010:0015:00

metal

2387 games.

Show as table
ByMetal produced: This buildEnemy metal destroyed: This buildOwn metal lost: This build
1:0023000
2:0088700
3:002009184130
4:003110645501
5:00418413561000
6:00534721831708
7:00653930512597
8:00776039383503
9:00904646934376
10:001041853145163
11:001189458575965
12:001360664066686
13:001541268767439
14:001730675038212
15:001929281098997
WHAT THE NUMBERS SAY

Standard Suicide front play wins a bit over half its games while taking the heaviest own losses of any role by 15:00.

  • + Produces 20142 metal by 15:00, highest of the front roles.
  • + First kill by 2:01 in all games, fastest contest of middle.
  • − Own metal lost hits 9178 by 15:00, more than enemy metal destroyed.
  • − Only 34% Rocketeer share shows army spread thin across many bot types.
THE EXAMPLE YOU ARE READING

Stefan1156

32.9 OS · 03/10/2026

Open source match ↗

5 received units · includes a constructor
296 metal received · 3492 energy received

Allied construction assistance is unknown. Timings are observations, not a promise of solo reproducibility.

Typical milestones

Bot Lab0:21Middle 50%: 0:20–0:33 · n=2379
Advanced Metal Extractor9:46Middle 50%: 8:50–10:58 · n=1726

Played most by

_X_262games of this buildPlatinumBlonde188games of this buildXad166games of this buildTrapCaT107games of this buildImmort80games of this build